 Dungeon Sprint DCSS version 0.22-a0-858-g985ef60 (webtiles) character file.

1955 Kidiri the Covert (level 8, -11/41 (42) HPs)
             Began as a Spriggan Enchanter on July 27, 2018.
             Was a Follower of Dithmenos.
             Mangled by a polar bear (15 damage)
             ... in the Dungeon (Sprint II: "The Violet Keep of Menkaure").
             The game lasted 00:05:20 (596 turns).

Kidiri the Covert (Spriggan Enchanter)               Turns: 596, Time: 00:05:21

HP:   -11/41 (42)   AC:  2    Str:  4    XL:     8   Next: 99%
MP:   2/22          EV: 28    Int: 17    God:    Dithmenos [*.....]
Gold: 72            SH:  0    Dex: 18    Spells: 3/26 levels left

rFire    . . .     SeeInvis +   a - +1 dagger
rCold    . . .     Gourm    .   (shield restricted)
rNeg     . . .     Faith    .   b - +0 robe
rPois    .         Spirit   .   (helmet restricted)
rElec    .         Reflect  .   (no cloak)
rCorr    .         Harm     .   (gloves unavailable)
MR       +....     NoTele   +   (boots unavailable)
Stlth    ++++++....             (no amulet)
HPRegen  0.13/turn              (no ring)
MPRegen  0.18/turn              (no ring)

@: wreathed by umbra, very quick
A: very small, unfitting armour, see invisible, herbivore, speed 3, slow
metabolism 2
a: Renounce Religion


You were in the Dungeon.
You worshipped Dithmenos.
Dithmenos was aware of your devotion.
You were not hungry.

You visited 1 branch You collected 972 gold pieces.
You spent 900 gold pieces at shops.

Inventory:

Hand Weapons
 a - a +1 dagger (weapon)
Armour
 b - a +0 robe (worn)
Scrolls
 j - a scroll of blinking
Potions
 g - a potion of haste
 h - a potion of magic
Comestibles
 d - a ration


   Skills:
 + Level 4.4 Fighting
 * Level 8.8 Short Blades
 + Level 4.4 Armour
 * Level 11.5 Dodging
 * Level 12.8 Stealth
 * Level 9.8 Spellcasting
 + Level 3.3 Conjurations
 + Level 7.6 Hexes
 + Level 2.7 Translocations
 + Level 2.4 Transmutations
 + Level 3.8 Ice Magic
 + Level 1.5 Earth Magic


You had 3 spell levels left.
You knew the following spells:

 Your Spells              Type           Power        Failure   Level  Hunger
a - Corona                Hex            ####...      1%          1    None
b - Ensorcelled Hibernat  Hex/Ice        ####..       1%          2    None
c - Confuse               Hex            ####....     1%          3    None
d - Tukima's Dance        Hex            ####....     1%          3    None
e - Dazzling Spray        Conj/Hex       ####..       2%          3    None
f - Passwall              Tmut/Erth      ###.....     6%          2    None
g - Passage of Golubria   Tloc           N/A          28%         4    ###....
h - Lee's Rapid Deconstr  Erth           ##........   77%         5    #####..

Your spell library contained the following spells:

 Spells                   Type           Power        Failure   Level  Hunger
 Invisibility             Hex            ####....     50%         6    ######.
 Swiftness                Chrm/Air       #.......     13%         2    None
 Darkness                 Hex            ####......   50%         6    ######.


Dungeon Overview and Level Annotations

Branches:
Dungeon (1/1)

Altars:
Cheibriados
Dithmenos
Elyvilon
Fedhas
Gozag
Hepliaklqana
Kikubaaqudgha
Makhleb
Nemelex Xobeh
Okawaru
Qazlal
Ru
Sif Muna
Trog
Uskayaw
Vehumet
Wu Jian
Xom
Yredelemnul
Zin
The Shining One
Beogh
Jiyva
Lugonu

Shops:
D [=:!=%!((:[*?}[=

Annotations:
D exclusions: 6 doors, ice statue and oklob plant, Roxanne


Innate Abilities, Weirdness & Mutations

You are very small and have problems with some larger weapons.
You are too small for most types of armour.
You have supernaturally acute eyesight. (SInv)
You are a herbivore.
You cover ground extremely quickly.
You need to consume almost no food.


Message History

The yaktaur shouts!
The yaktaur is dazzled.
The yaktaur unwields an uncursed arbalest.
The yaktaur misses you.
Unknown command.
Casting: Dazzling Spray (safe; 2% risk of failure)
Confirm with . or Enter, or press ? or * to list all spells.
You don't have enough magic to cast that spell.
Unknown command.
Unknown command.
You catch the helpless yaktaur completely off-guard!
You impale the yaktaur!!
You kill the yaktaur!
Dithmenos accepts your kill.
Unknown command.
Things that are here:
an uncursed arbalest; 19 bolts There isn't anything to butcher here.
The polar bear bites you!
You die... +++## ....# ##..# #. ###.#### +.### ..# ...# ...#### ? .####..## #..##$# (?$!

###.##..# +..#..#▓??!!)
##...#..# #..#h.#▓?!![?
.'.#.+..####..##@#▓?)(!)
##.).#....###^.)##▓▓▓▓▓▓
###.##......≈≈≈≈≈≈≈≈≈≈≈≈
.####≈≈.....≈#'########+
..#≈≈≈≈≈≈§..≈#.._._._.#≈
.##≈≈≈≈§≈≈§§≈#._._._..#≈
##≈≈§≈≈§§§≈§≈#_._._._.#≈
≈≈≈≈§≈§≈≈§≈≈≈#._._._._#§
+++#§≈≈§≈§§≈≈#.._._._.#§


You could see a polar bear (confused).

Vanquished Creatures
  A merfolk siren (D)
  A yaktaur (D)
  2 polar bears (D)
  A hornet (D)
  2 hippogriffs (D)
  Menkaure (D)
  4 necrophages (D)
  4 worker ants (D)
  A hell rat (D)
17 creatures vanquished.

Vanquished Creatures (others)
  A crocodile (D)
1 creature vanquished.

Grand Total: 18 creatures vanquished

Notes
Turn   | Place    | Note
-------+----------+-------------------------------------------
     0 | D        | Kidiri the Spriggan Enchanter began the quest for the Orb.
     0 | D        | Reached XP level 1. HP: 9/9 MP: 5/5
     1 | D        | Noticed a worker ant
     1 | D        | Noticed a worker ant
     1 | D        | Noticed a worker ant
     1 | D        | Noticed a worker ant
     4 | D        | Noticed a hippogriff
     4 | D        | Noticed a hippogriff
     7 | D        | Noticed a necrophage
     7 | D        | Noticed a necrophage
     7 | D        | Noticed a necrophage
     7 | D        | Noticed a necrophage
    10 | D        | Noticed a merfolk siren
    17 | D        | Killed a worker ant
    17 | D        | Reached skill level 1 in Fighting
    17 | D        | Reached skill level 1 in Armour
    17 | D        | Reached skill level 5 in Stealth
    17 | D        | Reached XP level 2. HP: 14/14 MP: 5/7
    20 | D        | Reached skill level 5 in Dodging
    20 | D        | Reached skill level 6 in Stealth
    20 | D        | Reached XP level 3. HP: 18/18 MP: 5/9
    23 | D        | Reached XP level 4. HP: 22/22 MP: 5/11
    27 | D        | Reached skill level 7 in Stealth
    27 | D        | Reached skill level 5 in Spellcasting
    43 | D        | Killed a crocodile
    68 | D        | Learned a level 2 spell: Ensorcelled Hibernation
    72 | D        | Learned a level 3 spell: Confuse
    76 | D        | Learned a level 3 spell: Tukima's Dance
    80 | D        | Learned a level 3 spell: Dazzling Spray
    95 | D        | Noticed Roxanne
    97 | D        | Noticed Menkaure
    98 | D        | Found Joocw's Antique Armour Boutique.
    98 | D        | Found Toso's Jewellery Shop.
    99 | D        | Killed Menkaure
    99 | D        | Reached skill level 5 in Short Blades
    99 | D        | Reached skill level 9 in Stealth
    99 | D        | Reached skill level 1 in Conjurations
    99 | D        | Reached skill level 5 in Hexes
    99 | D        | Reached skill level 1 in Ice Magic
    99 | D        | Reached XP level 5. HP: 27/27 MP: 12/14
   100 | D        | Found Segiet's Magic Scroll Boutique.
   100 | D        | Found Daixe's Gadget Shop.
   117 | D        | Killed a merfolk siren
   117 | D        | Reached skill level 10 in Stealth
   117 | D        | Reached XP level 6. HP: 32/32 MP: 13/17
   117 | D        | Reached XP level 7. HP: 36/36 MP: 14/19
   137 | D        | Killed a hippogriff
   137 | D        | Reached skill level 11 in Stealth
   145 | D        | Killed a hippogriff
   145 | D        | Reached skill level 10 in Dodging
   148 | D        | Found Dyfanulo's Book Boutique.
   148 | D        | Found Jimoulox's Antique Armour Boutique.
   183 | D        | Noticed an ice statue
   212 | D        | Reached XP level 8. HP: 27/41 MP: 6/21
   238 | D        | Reached skill level 12 in Stealth
   253 | D        | Found Qusic's Assorted Antiques.
   261 | D        | Found Siynor's Antique Weapon Boutique.
   261 | D        | Found Sampidul's Weapon Shop.
   264 | D        | Found Qiytur's Distillery.
   264 | D        | Found Zireich's Food Boutique.
   269 | D        | Found Fuqaed's Jewellery Boutique.
   269 | D        | Found Woisoomp's Distillery.
   269 | D        | Noticed an oklob plant
   270 | D        | Found Ureu's Jewellery Shop.
   270 | D        | Found Fimeliti's Book Shoppe.
   270 | D        | Found Vaachonisa's Armour Boutique.
   287 | D        | Noticed a manticore
   290 | D        | Noticed a manticore
   291 | D        | Noticed a great orb of eyes
   293 | D        | Bought a book of Burglary for 900 gold pieces
   296 | D        | Learned a level 2 spell: Passwall
   301 | D        | Learned a level 4 spell: Passage of Golubria
   307 | D        | Learned a level 5 spell: Lee's Rapid Deconstruction
   524 | D        | Found a roughly hewn altar of Beogh.
   525 | D        | Found a hazy altar of Hepliaklqana.
   525 | D        | Found a snail-covered altar of Cheibriados.
   526 | D        | Found a stormy altar of Qazlal.
   526 | D        | Found a viscous altar of Jiyva.
   526 | D        | Found a shadowy altar of Dithmenos.
   527 | D        | Found a sacrificial altar of Ru.
   527 | D        | Found an ancient bone altar of Kikubaaqudgha.
   527 | D        | Found a white marble altar of Elyvilon.
   528 | D        | Found an ornate altar of the Wu Jian Council.
   528 | D        | Found a deep blue altar of Sif Muna.
   528 | D        | Found a corrupted altar of Lugonu.
   529 | D        | Found a shimmering altar of Xom.
   529 | D        | Found a bloodstained altar of Trog.
   529 | D        | Found a burning altar of Makhleb.
   530 | D        | Found a glowing golden altar of the Shining One.
   530 | D        | Found a basalt altar of Yredelemnul.
   530 | D        | Found a hide-covered altar of Uskayaw.
   532 | D        | Found a glowing silver altar of Zin.
   532 | D        | Found a radiant altar of Vehumet.
   532 | D        | Found a blossoming altar of Fedhas.
   532 | D        | Found a sparkling altar of Nemelex Xobeh.
   532 | D        | Noticed a hornet
   532 | D        | Noticed a polar bear
   533 | D        | Found an opulent altar of Gozag.
   533 | D        | Found an iron altar of Okawaru.
   533 | D        | Noticed a yaktaur
   536 | D        | Noticed a flying skull
   537 | D        | Noticed a flying skull
   538 | D        | Became a worshipper of Dithmenos the Shadowed
   538 | D        | Noticed a flying skull
   538 | D        | Noticed a flying skull
   547 | D        | Noticed a polar bear
   547 | D        | Noticed a polar bear
   555 | D        | Killed a polar bear
   555 | D        | Reached skill level 1 in Translocations
   555 | D        | Reached skill level 1 in Transmutations
   570 | D        | Killed a polar bear
   570 | D        | Reached skill level 1 in Earth Magic
   574 | D        | Killed a hornet
   574 | D        | Reached * piety under Dithmenos
   594 | D        | Killed a yaktaur
   596 | D        | Mangled by a polar bear

Vault maps used:
D:        the_violet_keep_of_menkaure

Skill      XL: |  1  2  3  4  5  6  7  8 |
---------------+-------------------------+-----
Fighting       | 1 2 3 4 |  4.4
Short Blades   | 2 3 5 6 7 8 |  8.8
Armour         | 1 2 3 4 |  4.4
Dodging        | 4 5 7 9 10 11 | 11.5
Stealth        | 5 6 9 10 11 12 | 12.8
Spellcasting   | 3 4 6 7 8 9 |  9.8
Hexes          | 4 5 6 7 |  7.6
Conjurations   | 1 2 3 |  3.3
Ice Magic      | 1 2 3 |  3.8
Translocations | 2 |  2.7
Transmutations | 2 |  2.4
Earth Magic    | 1 |  1.5

Action                   |  1- 3 |  4- 6 |  7- 9 || total
-------------------------+-------+-------+-------++-------
Melee: Dagger            |     9 |     5 |    37 ||    51
 Cast: Dazzling Spray    |       |       |    15 ||    15
       Confuse           |       |       |     7 ||     7
       Ensorcelled Hiber |       |       |     4 ||     4
  Use: Potion            |     1 |       |     3 ||     4
 Stab: Sleeping          |       |     2 |     4 ||     6
       Confused          |       |       |     4 ||     4
       Invisible         |       |       |     1 ||     1
Armor: Robe              |       |       |     2 ||     2
Dodge: Dodged            |     3 |     2 |    77 ||    82

Table legend:
 A = Spawn XP
 B = Non-spawn XP
 C = Spawn XP percentage of total XP
 D = Spawn monster count
 E = Non-spawn monster count
 F = Spawn count percentage of total count
 G = Total turns spent on level
                    A         B        C        D         E        F      G
               +---------+---------+-------+---------+---------+-------+---------
         Total |       0 |    2794 |   0.0 |       0 |      17 |   0.0 |   596
               +---------+---------+-------+---------+---------+-------+---------
             D |       0 |    2794 |   0.0 |       0 |      17 |   0.0 |   596
               +---------+---------+-------+---------+---------+-------+---------
